Map: [ESL] Solaris

Players

GuMiho - Winner!

  • Race: Terran Terran
  • Spawn Location: 7:00

Solar

  • Race: Zerg Zerg
  • Spawn Location: 1:00

Event: IEM Katowice 2024

VOD

Have the link to the VOD?

Description

Time

  • Played on: Feb. 9, 2024, 9:09 a.m.
  • Length: 10:45

All games in this series

Show
View Real Time Build Order
Export as new Build Order

GuMiho Terran - Winner!

Build Orders: Reaper Expand, Hellion Banshee, Mech 

Get SALT Encoding   

  12  0:00  SCV  
  13  0:12  SCV  
  14  0:17  Supply Depot  
  14  0:24  SCV  
  15  0:38  SCV  
  15  0:40  Barracks  
  16  0:43  Refinery  
  16  0:50  SCV  
  17  1:03  SCV  
  18  1:15  SCV  
  19  1:26  Reaper  
  19  1:27  Orbital Command  
  20  1:38  Command Center  
  20  1:48  Supply Depot  
  20  1:53  SCV  
  21  1:58  Marine  
  22  2:05  SCV  
  23  2:12  Factory  
  23  2:17  SCV  
  25  2:23  Barracks Reactor  
  25  2:29  SCV  
  25  2:41  Command Center, SCV  
  25  2:50  Orbital Command  
  25  2:53  SCV  
  25  2:56  Hellion  
  28  2:59  Marine x2  
  28  3:05  Starport  
  30  3:07  SCV  
  31  3:13  Refinery  
  31  3:17  SCV  
  31  3:19  SCV  
  33  3:26  Hellion x2  
  37  3:29  SCV  
  37  3:31  SCV  
  39  3:41  SCV  
  39  3:42  Medivac  
  39  3:44  SCV  
  39  3:48  Hellion  
  45  3:52  Orbital Command  
  45  3:53  Hellion, Supply Depot  
  45  3:54  SCV  
  48  3:56  SCV  
  49  4:06  SCV  
  49  4:08  SCV  
  49  4:09  Hellion  
  53  4:14  Hellion, Refinery  
  53  4:15  Refinery  
  55  4:18  Starport Tech Lab, SCV x2  
  55  4:20  Supply Depot, SCV  
  58  4:27  Supply Depot  
  58  4:30  SCV  
  58  4:31  Orbital Command  
  60  4:36  Hellion x2  
  60  4:37  Banshee  
  66  4:38  Cloaking Field  
  66  4:43  SCV x2  
  68  4:55  SCV x2  
  70  5:04  SCV  
  69  5:07  SCV x2  
  69  5:09  Hellion  
  73  5:14  Armory  
  73  5:15  Armory  
  73  5:17  Factory  
  73  5:18  Factory  
  73  5:19  SCV  
  73  5:20  Banshee  
  78  5:21  SCV x2  
  78  5:27  Supply Depot  
  78  5:28  Supply Depot  
  79  5:31  SCV  
  79  5:33  SCV x2  
  79  5:34  Engineering Bay  
  79  5:35  Supply Depot  
  82  5:38  Hellion  
  82  5:42  Hellion  
  85  5:48  SCV x2  
  87  5:51  Hellion  
  87  5:52  Hellion x2  
  87  5:53  Hellion x2, SCV  
  87  5:56  Command Center  
  88  5:59  Cyclone  
  88  6:00  SCV x2  
  88  6:02  Refinery  
  88  6:04  Factory Tech Lab, Refinery  
  92  6:05  Factory Tech Lab, SCV  
  93  6:12  SCV x2  
  93  6:16  Terran Vehicle Weapons Level 1, Terran Vehicle And Ship Armor Level 1  
  93  6:17  SCV  
  96  6:21  Supply Depot  
  96  6:24  Siege Tank  
  96  6:25  Raven, Supply Depot, SCV x2  
  103  6:29  SCV  
  104  6:34  Siege Tank  
  104  6:37  SCV x2  
  109  6:43  Cyclone x2, SCV  
  114  6:49  SCV x2  
  114  6:51  Factory  
  116  6:58  Siege Tank, Factory  
  116  7:00  SCV  
  116  7:01  SCV x2  
  122  7:12  SCV  
  122  7:14  Siege Tank  
  124  7:17  Cyclone x2  
  124  7:19  SCV x2  
  126  7:24  SCV  
  126  7:27  Banshee  
  126  7:32  SCV x2  
  126  7:33  Missile Turret  
  126  7:35  Siege Tank  
  126  7:36  SCV  
  132  7:37  Missile Turret  
  132  7:41  Missile Turret  
  130  7:46  Siege Tank  
  130  7:51  Cyclone x2  
  104  8:07  Siege Tank  
  104  8:10  Banshee  
  104  8:18  Hellion  
  100  8:23  Hellion x2  
  95  8:31  SCV x2  
  89  8:39  Cyclone  
  90  8:42  Orbital Command  
  90  8:43  SCV x2  
  90  8:44  Cyclone x2  
  90  8:46  Missile Turret  
  90  8:47  Hellion x2  
  101  8:55  SCV x2  
  101  8:56  Hurricane Engines  
  101  8:57  Orbital Command  
  101  9:01  Cyclone  
  102  9:04  Refinery  
  102  9:06  Refinery  
  102  9:07  SCV  
  102  9:08  SCV  
  104  9:10  Missile Turret  
  104  9:13  Cyclone  
  104  9:16  Cyclone, SCV  
  113  9:19  SCV  
  113  9:20  SCV  
  113  9:23  Cyclone  
  117  9:26  SCV  
  117  9:28  SCV  
  119  9:32  SCV  
  119  9:33  Cyclone  
  119  9:35  Supply Depot  
  119  9:37  SCV  
  119  9:38  SCV  
  124  9:39  Supply Depot x2  
  124  9:40  Supply Depot, SCV  
  124  9:43  Factory Reactor x2  
  124  9:44  SCV  
  124  9:45  Hellbat  
  124  9:50  SCV x2  
  124  9:51  Factory  
  124  9:52  Factory x2, SCV  
  127  9:57  Starport Reactor, Command Center  
  127  10:00  Supply Depot, SCV  
  127  10:01  Supply Depot  
  127  10:02  SCV x2  
  127  10:04  SCV  
  127  10:06  Cyclone x2  
  135  10:12  Cyclone, SCV  
  135  10:14  SCV x2  
  139  10:15  Hellion  
  139  10:16  SCV  
  142  10:24  SCV  
  142  10:26  SCV x2, Supply Depot x2  
  145  10:28  SCV  
Show
View Real Time Build Order
Export as new Build Order

Solar Zerg 

Build Orders: Hatch First 

Get SALT Encoding   

  12  0:00  Drone  
  13  0:13  Overlord  
  13  0:17  Drone  
  14  0:31  Drone x2  
  16  0:48  Hatchery  
  15  0:51  Drone  
  15  0:54  Drone  
  17  0:58  Drone  
  18  1:08  Extractor  
  17  1:13  Spawning Pool  
  17  1:16  Drone  
  17  1:19  Drone  
  18  1:30  Drone  
  19  1:39  Drone  
  20  1:54  Drone  
  21  1:59  Queen x2  
  21  2:01  Zergling x4  
  27  2:12  Zergling x2  
  27  2:13  Overlord  
  28  2:28  Drone, Hatchery  
  27  2:36  Drone  
  28  2:41  Queen  
  28  2:43  Drone, Metabolic Boost  
  31  2:49  Overlord  
  31  2:51  Drone  
  32  2:53  Drone  
  32  2:56  Drone x2  
  35  3:07  Drone x2  
  37  3:16  Drone x3  
  37  3:19  Drone  
  41  3:20  Queen  
  43  3:27  Overlord  
  43  3:29  Drone  
  44  3:38  Overlord  
  44  3:39  Queen  
  46  3:41  Queen  
  46  3:42  Drone  
  46  3:47  Drone x4  
  53  3:53  Drone x5  
  58  3:58  Zergling x2  
  60  4:02  Zergling x2  
  60  4:03  Overlord  
  60  4:08  Zergling x2  
  60  4:14  Zergling x2  
  60  4:15  Queen  
  64  4:17  Drone  
  64  4:18  Drone, Overlord  
  64  4:21  Queen, Overlord  
  67  4:25  Drone x3  
  67  4:27  Drone  
  67  4:28  Drone, Spore Crawler  
  67  4:30  Zergling x2  
  72  4:32  Spore Crawler  
  72  4:37  Zergling x4  
  73  4:39  Drone  
  74  4:46  Drone  
  74  4:49  Overlord  
  74  4:51  Zergling x10  
  79  4:53  Drone  
  79  4:55  Queen  
  78  5:03  Drone x5  
  78  5:04  Drone  
  78  5:05  Drone  
  81  5:11  Drone  
  81  5:14  Evolution Chamber  
  81  5:16  Drone x2, Extractor  
  81  5:17  Evolution Chamber  
  78  5:22  Zergling x2  
  78  5:25  Zergling x2  
  78  5:26  Zergling x8  
  84  5:32  Overlord  
  84  5:34  Drone  
  85  5:36  Drone  
  85  5:37  Overlord  
  85  5:38  Drone  
  85  5:39  Drone  
  85  5:40  Lair  
  85  5:41  Roach Warren  
  85  5:42  Drone x3  
  90  5:45  Drone  
  90  5:47  Drone x2  
  90  5:49  Extractor  
  85  5:50  Extractor  
  85  5:52  Extractor  
  85  5:53  Pneumatized Carapace, Extractor  
  85  5:54  Drone  
  85  5:55  Spore Crawler  
  82  6:00  Drone x2  
  84  6:06  Drone x2  
  84  6:07  Overlord  
  86  6:21  Roach  
  86  6:22  Roach x9  
  106  6:27  Overlord  
  106  6:33  Roach x2  
  106  6:37  Glial Reconstitution  
  110  6:41  Overseer  
  110  6:45  Overlord x2  
  109  6:49  Zergling x12  
  109  6:50  Zergling x2  
  109  6:53  Zergling x6  
  117  6:55  Queen  
  117  7:00  Zergling x4  
  117  7:04  Overlord  
  117  7:08  Drone x2  
  107  7:18  Zergling x2  
  107  7:19  Zergling x10  
  107  7:21  Ravager x3  
  107  7:22  Zergling x6  
  116  7:25  Ravager  
  116  7:29  Drone  
  115  7:30  Drone x4  
  115  7:32  Ravager x5  
  120  7:37  Zergling x2  
  120  7:40  Drone  
  120  7:41  Queen  
  121  7:44  Zergling x2  
  121  7:47  Zergling x2  
  116  7:54  Zergling x4  
  116  7:58  Zergling x2  
  107  8:03  Zergling x4  
  98  8:12  Zergling x2  
  95  8:16  Zergling x2  
  95  8:17  Zergling x2  
  86  8:20  Zergling x2  
  86  8:25  Zergling x4  
  73  8:29  Queen x2  
  73  8:33  Drone  
  70  8:34  Drone x2  
  70  8:39  Drone  
  72  8:44  Hatchery  
  72  8:46  Drone x2  
  70  8:51  Drone x4  
  74  8:56  Drone  
  74  8:57  Drone x3  
  74  8:58  Drone  
  74  9:01  Queen  
  77  9:04  Drone x4  
  77  9:05  Roach Warren  
  77  9:08  Drone  
  81  9:10  Infestation Pit  
  80  9:17  Overlord x2  
  80  9:19  Overlord  
  80  9:20  Zergling x6  
  83  9:29  Overseer  
  88  9:31  Drone x9  
  88  9:37  Evolution Chamber  
  91  9:38  Evolution Chamber  
  91  9:45  Roach x3  
  95  9:48  Roach x2  
  95  9:50  Roach x2  
  95  9:52  Baneling Nest  
  103  9:54  Drone x4  
  103  9:56  Drone  
  103  9:58  Drone  
  109  10:00  Queen  
  109  10:03  Drone  
  109  10:04  Drone  
  109  10:06  Ravager x2  
  109  10:07  Ravager  
  116  10:08  Roach x2  
  116  10:10  Overlord  
  116  10:12  Drone  
  116  10:14  Drone  
  122  10:16  Zergling x6  
  125  10:22  Roach x4  
  125  10:23  Roach x6  
  125  10:24  Roach  
  125  10:26  Overlord  
  135  10:29  Extractor  
  135  10:34  Ravager x6  

Tags
 
Add a new tag
Caveats
  • Supply blocks, unpowered buildings, or Contaminate may cause inaccurate times.
  • Supply counts are checked every 10 seconds.